 Dungeon Crawl Stone Soup version 0.31.0-32-g396128a36d (webtiles) character file.

Game seed: 4220370205725844374

122866 imdaedric the Eclecticist (level 16, -17/97 HPs)
             Began as a Deep Elf Conjurer on Apr 18, 2024.
             Was a High Priest of Vehumet.
             Demolished by a salamander mystic
             ... wielding a +0 quarterstaff
              (18 damage)
             ... on level 1 of the Snake Pit on Apr 19, 2024.
             The game lasted 01:27:04 (34812 turns).

imdaedric the Eclecticist (Deep Elf Conjurer)      Turns: 34812, Time: 01:27:05

Health: -17/97     AC: 10    Str:  4    XL:     16   Next: 35%
Magic:  34/48      EV: 12    Int: 32    God:    Vehumet [*****.]
Gold:   989        SH:  5    Dex: 13    Spells: 5/50 levels left

rFire   . . .        p - staff of conjuration
rCold   . . .        (no shield)
rNeg    . . .        N - +2 robe {Will+}
rPois   .            (helmet restricted)
rElec   .            (no cloak)
rCorr   .            D - +2 pair of gloves
SInv    .            L - +2 pair of boots
Will    ++...        h - amulet of reflection
Stlth   ++           d - ring of magical power
HPRegen 0.00/turn    Q - ring of wizardry
MPRegen 0.31/turn

%: reflection, wizardry (x1)
@: brilliant, lethally poisoned (-17 -> -21), about to teleport, weakened,
inhibited regen
A: horns 1, inhibited regeneration
a: Renounce Religion


You were on level 1 of the Snake Pit.
You worshipped Vehumet.
Vehumet was extremely pleased with you.
You visited 5 branches of the dungeon, and saw 24 of its levels.
You also visited: Volcano.

You collected 2553 gold pieces.
You spent 1564 gold pieces at shops.

Inventory:

Armour
 D - a +2 pair of gloves (worn)
 F - an orb of light
 L - a +2 pair of boots (worn)
 M - a +2 helmet of see invisible
 N - a +2 robe of willpower (worn)
Magical Staves
 p - a staff of conjuration (weapon)
Jewellery
 d - a ring of magical power (left hand)
 h - an amulet of reflection (around neck)
 t - a ring of fire
 O - a +5 ring of evasion
 Q - a ring of wizardry (right hand)
 S - a ring of protection from cold
Wands
 a - a wand of roots (15)
 b - a wand of mindburst (9)
 g - a wand of acid (6)
 B - a wand of paralysis (14)
 G - a wand of polymorph (6)
 I - a wand of flame (17)
Scrolls
 c - 2 scrolls of enchant weapon
 j - 3 scrolls of silence
 k - 5 scrolls of vulnerability
 l - 5 scrolls of enchant armour
 q - 2 scrolls of brand weapon
 r - 5 scrolls of poison
 s - a scroll of fog
 x - 2 scrolls of amnesia
 y - 2 scrolls of fear
 z - 2 scrolls of butterflies
 E - 4 scrolls of immolation
 R - a scroll of revelation
Potions
 e - 7 potions of curing
 f - 3 potions of brilliance
 i - 4 potions of enlightenment
 m - 2 potions of lignification
 n - 5 potions of might
 o - 3 potions of attraction
 u - a potion of berserk rage
 v - a potion of heal wounds {unknown}
 w - 2 potions of haste {unknown}
 A - 13 potions of ambrosia
 H - 2 potions of resistance {unknown}
 J - 5 potions of magic
 T - a potion of experience {unknown}
Miscellaneous
 K - a sack of spiders


   Skills:
 - Level 10.0 Fighting
 - Level 2.4 Dodging
 - Level 2.4 Stealth
 + Level 17.9 Spellcasting
 + Level 15.6 Conjurations
 - Level 7.6 Necromancy
 - Level 12.2 Translocations
 * Level 5.0 Fire Magic
 * Level 6.5 Air Magic
 * Level 7.8 Earth Magic
 - Level 12.2 Alchemy


You had 5 spell levels left.
You knew the following spells:

 Your Spells              Type           Power      Damage    Failure   Level
a - Lee's Rapid Deconstr  Erth           43%        3d21*     1%          5
b - Magic Dart            Conj           100%       1d8       0%          1
c - Searing Ray           Conj           100%       2d8       0%          2
d - Orb of Destruction    Conj           69%        9d16      1%          7
e - Blink                 Tloc           100%       N/A       0%          2
f - Plasma Beam           Fire/Air       39%        2x1d52    2%          6
q - Hailstorm             Conj/Ice       100%       3d16      1%          3
s - Fulminant Prism       Conj/Alch      66%        3d28      1%          4
w - Arcjolt               Conj/Air       61%        1d71      1%          5
x - Iskenderun's Mystic   Conj/Tloc      100%       2d19      1%          4
z - Bombard               Conj/Erth      62%        9d10      1%          6

Your spell library contained the following spells:

 Spells                   Type           Power      Damage    Failure   Level
 Iskenderun's Battlesphe  Conj           100%       2d15      1%          5
 Apportation              Tloc           100%       N/A       0%          1
 Kiss of Death            Conj/Necr      100%       2d13      0%          1
 Lesser Beckoning         Tloc           100%       N/A       0%          2
 Momentum Strike          Conj/Tloc      100%       3d10      0%          2
 Jinxbite                 Hex            86%        N/A       1%          2
 Mercury Vapours          Alch/Air       100%       N/A       1%          2
 Confusing Touch          Hex            43%        N/A       1%          3
 Mephitic Cloud           Conj/Alch/Air  100%       N/A       1%          3
 Animate Armour           Summ/Erth      100%       N/A       1%          4
 Dispel Undead            Necr           86%        3d28      1%          4
 Summon Lightning Spire   Summ/Air       65%        N/A       1%          4
 Vhi's Electric Charge    Tloc/Air       100%       N/A       1%          4
 Alistair's Intoxication  Alch           68%        N/A       1%          5
 Freezing Cloud           Conj/Ice/Air   53%        6-21      1%          5


Dungeon Overview and Level Annotations

Branches:
Dungeon (15/15)            Temple (1/1) D:7            Lair (5/5) D:9
  Swamp (0/4) Lair:2        Snake (1/4) Lair:3        Slime (0/5) Lair:4
    Orc (2/2) D:12            Elf (0/3) Orc:2        Vaults (0/5) D:14
 Depths (0/4) D:15        Volcano (visited)

Altars:
Ashenzari
Cheibriados
Dithmenos
Elyvilon
Fedhas
Gozag
Hepliaklqana
Kikubaaqudgha
Makhleb
Nemelex Xobeh
Okawaru
Qazlal
Ru
Sif Muna
Trog
Uskayaw
Vehumet
Wu Jian
Xom
Yredelemnul
Zin
The Shining One
Jiyva

Shops:
D:1 ((*   D:2 ?   D:10 (   D:11 [   Orc:2 **!   Snake:1 *

Portals:
Trove: D:15 (show abyssal rune of Zot)

Annotations:
Orc:1 1 runed translucent door


Innate Abilities, Weirdness & Mutations

You have a pair of small horns on your head.
You do not regenerate when monsters are visible.


Message History

The naga ritualist is lightly wounded.
The salamander mystic is heavily wounded.
The mystic blast hits the naga ritualist!!
The naga ritualist is severely wounded.
The naga ritualist is knocked back by the mystic blast.
The naga ritualist collides with the salamander tyrant!
The salamander tyrant is moderately wounded.
The naga ritualist utters an invocation to its god.
The naga ritualist begins to radiate toxic energy.
You are poisoned.
Casting: Iskenderun's Mystic Blast (safe; 1% risk of failure)
Confirm with . or Enter, or press ? or * to list all spells.
You feel a strong surge of power!
You erupt in a blast of force!
The mystic blast hits the salamander mystic!
The salamander mystic is heavily wounded.
The salamander mystic is knocked back by the mystic blast.
You feel sick.
You are more poisoned.
The salamander tyrant calls gouts of flame from the lava!
The flame surge hits you!!!
* * * LOW HITPOINT WARNING * * *
You feel better.
* * * LOW HITPOINT WARNING * * *
You are poisoned.
As you read the scroll of teleportation, it crumbles to dust.
You feel strangely unstable.
You feel sick.
* * * LOW HITPOINT WARNING * * *
You are lethally poisoned!
The nagaraja spits poison at you. The splash of poison hits you!
You are more poisoned.
* * * LOW HITPOINT WARNING * * *
You feel better.
* * * LOW HITPOINT WARNING * * *
You are lethally poisoned!
The naga ritualist's toxic aura wanes.
The salamander mystic hits you with a +0 quarterstaff.
* * * LOW HITPOINT WARNING * * *
You are engulfed in flames!!
You die...

.#######################.#
.# $... #.#.#.#.#.#..8#.#
.#}$.# . ..............#.#
.#..##...N..##.##.##..S#.#
.#8.N...###..... ......#.#
.#N.#... ####...#8...8#.#
.#..#### . ##N####'###(#
.#♣$.8.8 ....#..8#⌠:.#...##
©#⌠=.... ....N.N@#_:[#©...#
.#♣$.8.8 ....#.N8#⌠::#....#
.#..#### . ##†####'###..#
.#..#... ####NN.#8...8#..#
.#8.....###....N......N#..#
.#..##......##.##.##NNN#..#
.#$$.# . ............N.#..#
.# $... #.#.#.#.#.#.N8#..#
.#######################..#


You could see 2 nagarajas, a salamander tyrant, 2 salamander mystics and 2 naga
ritualists.

Vanquished Creatures
  Jorgrun (D:13)
  Rupert (D:12)
  Gastronok (D:12)
  Kirke (Lair:3)
  A stone giant (D:15)
  Nessos (D:14)
  Josephine (D:12)
  A salamander tyrant (Snake:1)
  7 hydras
  Erica (D:8)
  3 anacondas (Snake:1)
  A merfolk avatar (Lair:5)
  A centaur warrior (D:15)
  6 boulder beetles
  5 ogre magi
  A death knight (D:15)
  5 tengu warriors
  22 two-headed ogres
  Urug (D:14)
  A naga sharpshooter (Snake:1)
  4 skysharks
  A hell knight (Volcano)
  2 naga ritualists (Snake:1)
  2 salamander mystics
  A mana viper (Snake:1)
  2 deep trolls (Orc:2)
  2 harpies (Lair:5)
  13 ugly things
  6 orc knights
  2 deep elf pyromancers
  A lindwurm (Lair:3)
  An orc sorcerer (Orc:2)
  5 salamanders
  6 elephants (Lair:2)
  4 cyclopes
  5 manticores
  2 naga magi (Snake:1)
  16 black mambas
  5 torpor snails
  3 unseen horrors
  A guardian serpent (Snake:1)
  19 cane toads
  2 efreet (D:15)
  15 komodo dragons
  4 rime drakes
  4 freezing wraiths
  13 trolls
  2 tyrant leeches (Lair:2)
  A queen bee (D:10)
  5 polar bears
  Prince Ribbit (D:7)
  2 hornets (Lair:5)
  A snapping turtle (Lair:5)
  A wind drake (Lair:5)
  7 blink frogs
  Sigmund (D:6)
  11 wraiths
  10 slime creatures
  57 yaks
  A vampire (D:14)
  8 wyverns
  A warg (Orc:1)
  4 fire bats (Lair:5)
  2 fire elementals (Lair:5)
  16 humans (D:14)
  10 basilisks
  6 hogs (Lair:3)
  7 vampire mosquitoes (D:12)
  2 nagas (Snake:1)
  3 swamp worms (D:10)
  3 acid dragons
  11 water moccasins
  3 ice beasts
  A swamp drake (Lair:3)
  5 black bears
  32 ogres
  20 orc warriors
  A sky beast (D:7)
  5 centaurs
  13 wolves
  A phantom (D:5)
  4 kobold brigands
  8 bullfrogs
  3 scorpions
  3 gnoll sergeants
  5 wights (D:9)
  24 killer bees (D:10)
  4 electric eels
  5 howler monkeys
  15 jellies
  3 lava snakes (Lair:3)
  4 hounds
  A bombardier beetle (D:7)
  14 orc priests
  2 gnoll boudas
  Jessica (D:3)
  17 iguanas
  A scorpion zombie (D:3)
  16 orc wizards
  A hound zombie (D:3)
  9 adders
  21 gnolls
  14 white imps
  2 ufetubi (D:6)
  3 adder skeletons (D:3)
  2 adder zombies (D:3)
  11 dart slugs
  A ribbon worm (D:4)
  82 orcs
  4 ball pythons
  2 endoplasms
  A giant cockroach (D:4)
  7 goblins
  3 hobgoblins
  2 quokkas (D:1)
  5 bats
  16 frilled lizards
  15 kobolds
  5 rats
  A spectral goblin (D:3)
794 creatures vanquished.

Vanquished Creatures (others)
  267 fulminant prisms
267 creatures vanquished.

Grand Total: 1061 creatures vanquished

Notes
Turn   | Place    | Note
-------+----------+-------------------------------------------
     0 | D:1      | imdaedric the Deep Elf Conjurer began the quest for the
                  | Orb.
     0 | D:1      | Reached XP level 1. HP: 10/10 MP: 6/6
   282 | D:1      | Found Jicoaxke's Weapon Emporium.
   283 | D:1      | Noticed a +0 executioner's axe
   285 | D:1      | Noticed a +3 demon blade
   295 | D:1      | Found Qirubrilo's Antique Weapon Shop.
   367 | D:1      | Reached XP level 2. HP: 15/15 MP: 8/8
   395 | D:1      | Learned a level 2 spell: Searing Ray
   495 | D:1      | Found Aklidat's General Store.
   503 | D:1      | Bought a scroll of identify for 28 gold pieces
   884 | D:1      | Reached skill level 1 in Translocations
   990 | D:1      | You fall into a shaft and drop 1 floor!
  1004 | D:2      | Reached skill level 1 in Alchemy
  1337 | D:2      | Reached XP level 3. HP: 20/20 MP: 9/9
  1520 | D:2      | Found Qoupos's Magic Scroll Emporium.
  1603 | D:3      | Reached skill level 1 in Fighting
  1702 | D:3      | Reached XP level 4. HP: 22/25 MP: 11/11
  2147 | D:3      | Found a faded altar of an unknown god.
  2184 | D:3      | Found an iron altar of Okawaru.
  2185 | D:3      | Found a glowing golden altar of the Shining One.
  2190 | D:3      | Found a burning altar of Makhleb.
  2191 | D:3      | Found a hazy altar of Hepliaklqana.
  2193 | D:3      | Found a stormy altar of Qazlal.
  2193 | D:3      | Found a snail-covered altar of Cheibriados.
  2196 | D:3      | Found an opulent altar of Gozag.
  2199 | D:3      | Found an ancient bone altar of Kikubaaqudgha.
  2202 | D:3      | Found a hide-covered altar of Uskayaw.
  2203 | D:3      | Noticed an ogre
  2302 | D:3      | Noticed Jessica
  2309 | D:3      | Killed Jessica
  2310 | D:3      | Reached skill level 4 in Spellcasting
  2424 | D:3      | Reached skill level 5 in Conjurations
  2424 | D:3      | Reached XP level 5. HP: 29/29 MP: 13/13
  2745 | D:4      | Reached XP level 6. HP: 35/35 MP: 14/14
  3030 | D:4      | Reached skill level 5 in Spellcasting
  3518 | D:4      | Reached XP level 7. HP: 40/40 MP: 17/17
  3856 | D:4      | Learned a level 4 spell: Fulminant Prism
  3861 | D:4      | Learned a level 4 spell: Iskenderun's Mystic Blast
  3889 | D:5      | Entered Level 5 of the Dungeon
  4419 | D:5      | Noticed a komodo dragon
  4429 | D:5      | Killed a komodo dragon
  4430 | D:5      | Reached skill level 6 in Spellcasting
  4430 | D:5      | Reached XP level 8. HP: 46/46 MP: 13/19
  4840 | D:2      | Bought a scroll of blinking for 90 gold pieces
  4840 | D:2      | Bought a scroll of identify for 24 gold pieces
  4840 | D:2      | Bought a scroll of identify for 24 gold pieces
  4840 | D:2      | Bought a scroll of identify for 24 gold pieces
  5092 | D:6      | Noticed Sigmund
  5096 | D:6      | Killed Sigmund
  5261 | D:6      | Reached skill level 5 in Alchemy
  5316 | D:6      | Reached skill level 5 in Translocations
  5593 | D:6      | Reached skill level 7 in Spellcasting
  5941 | D:6      | Reached XP level 9. HP: 35/52 MP: 22/22
  6203 | D:7      | Found a staircase to the Ecumenical Temple.
  6204 | D:7      | Noticed a troll
  6705 | D:7      | Noticed Prince Ribbit
  6712 | D:7      | Killed Prince Ribbit
  6713 | D:7      | Reached skill level 8 in Spellcasting
  6906 | Temple   | Entered the Ecumenical Temple
  6988 | Temple   | Became a worshipper of Vehumet
  7516 | D:7      | Killed a troll
  7584 | D:8      | Noticed Erica
  7831 | D:8      | Reached skill level 5 in Fighting
  7847 | D:8      | Reached * piety under Vehumet
  7847 | D:8      | Offered knowledge of Shock by Vehumet.
  8288 | D:8      | Killed Erica
  8289 | D:8      | Reached skill level 9 in Spellcasting
  8289 | D:8      | Reached XP level 10. HP: 28/59 MP: 17/25
  9456 | D:9      | Offered knowledge of Momentum Strike by Vehumet.
  9576 | D:9      | Reached ** piety under Vehumet
  9866 | D:9      | Reached skill level 10 in Spellcasting
  9872 | D:9      | Noticed a two-headed ogre
 10193 | D:9      | Killed a two-headed ogre
 10335 | D:9      | Found a staircase to the Lair.
 10795 | D:9      | Found a white marble altar of Elyvilon.
 10857 | D:9      | Found a basalt altar of Yredelemnul.
 10906 | D:10     | Entered Level 10 of the Dungeon
 10912 | D:10     | Offered knowledge of Dazzling Flash by Vehumet.
 10920 | D:10     | Found Tiev's Antique Weapon Boutique.
 10934 | D:10     | Reached XP level 11. HP: 50/64 MP: 27/27
 11105 | D:10     | Noticed a two-headed ogre
 11112 | D:10     | Killed a two-headed ogre
 11237 | D:10     | Reached *** piety under Vehumet
 11462 | D:10     | Reached skill level 11 in Spellcasting
 11678 | D:10     | Found a bloodstained altar of Trog.
 11953 | D:10     | Reached skill level 10 in Conjurations
 12597 | Lair:1   | Entered Level 1 of the Lair of Beasts
 12635 | D:9      | Offered knowledge of Hailstorm by Vehumet.
 12853 | D:9      | Learned a level 3 spell: Hailstorm
 14065 | Lair:2   | Noticed a seven-headed hydra
 14111 | Lair:2   | Reached XP level 12. HP: 68/72 MP: 22/29
 14122 | Lair:2   | Reached skill level 12 in Spellcasting
 14496 | Lair:2   | Found a frozen archway.
 14499 | Lair:2   | Reached **** piety under Vehumet
 14499 | Lair:2   | Offered knowledge of Arcjolt by Vehumet.
 14501 | Lair:2   | Noticed a boulder beetle
 14567 | Lair:2   | Noticed a five-headed hydra
 14804 | Lair:2   | Reached skill level 10 in Translocations
 14804 | Lair:2   | Reached skill level 10 in Alchemy
 15342 | Lair:1   | Killed a boulder beetle
 15505 | Lair:2   | Killed a seven-headed hydra
 15696 | Lair:2   | Killed a five-headed hydra
 16415 | Lair:2   | Reached skill level 13 in Spellcasting
 16470 | Lair:2   | Learned a level 5 spell: Arcjolt
 16513 | Lair:2   | Found a snail-covered altar of Cheibriados.
 16643 | Lair:2   | Found a staircase to the Swamp.
 17466 | Lair:3   | Found a staircase to the Snake Pit.
 17518 | Lair:3   | Reached XP level 13. HP: 54/79 MP: 32/32
 17534 | Lair:3   | Reached ***** piety under Vehumet
 17534 | Lair:3   | Offered knowledge of Yara's Violent Unravelling by Vehumet.
 17550 | Lair:3   | Noticed Kirke
 17559 | Lair:3   | Killed Kirke
 19242 | Lair:4   | Reached skill level 14 in Spellcasting
 19685 | Lair:4   | You fall into a shaft and drop 1 floor!
 19685 | Lair:5   | Entered Level 5 of the Lair of Beasts
 19792 | Lair:4   | Found a viscous altar of Jiyva.
 19793 | Lair:4   | Found a staircase to the Slime Pits.
 20594 | D:1      | Bought 2 scrolls of blinking for 210 gold pieces
 21488 | Lair:5   | Reached XP level 14. HP: 49/86 MP: 22/34
 22047 | Lair:5   | Offered knowledge of Spellforged Servitor by Vehumet.
 22240 | Lair:5   | Reached skill level 1 in Necromancy
 22279 | Lair:5   | Reached skill level 15 in Spellcasting
 22760 | Lair:5   | Identified the +7 rapier of Xasall {heavy, Str+6 Int-3}
 23186 | D:11     | Found a broken altar of Ashenzari.
 23325 | D:11     | Found Cuututt's Antique Armour Boutique.
 23331 | D:11     | Bought a pair of embroidered boots for 195 gold pieces
 23805 | D:12     | Noticed Josephine
 23808 | D:12     | Killed Josephine
 23990 | D:12     | Found a staircase to the Orcish Mines.
 24451 | D:12     | Noticed Rupert
 24466 | D:12     | Killed Rupert
 24504 | D:12     | Noticed Gastronok
 24520 | D:12     | Killed Gastronok
 24521 | D:12     | Reached skill level 5 in Necromancy
 25179 | D:13     | Offered knowledge of Orb of Destruction by Vehumet.
 25188 | D:13     | Learned a level 7 spell: Orb of Destruction
 25511 | D:13     | Noticed Jorgrun
 25573 | D:13     | Reached skill level 16 in Spellcasting
 26440 | D:13     | Killed Jorgrun
 26721 | D:14     | Noticed Urug
 26721 | D:14     | Noticed Nessos
 26721 | D:14     | Found a gate to the Vaults.
 26724 | D:14     | Killed Urug
 26729 | D:14     | Killed Nessos
 26976 | D:14     | Reached XP level 15. HP: 91/91 MP: 37/37
 28068 | D:1      | Bought a book of Iron for 448 gold pieces
 28276 | D:14     | Learned a level 5 spell: Lee's Rapid Deconstruction
 28333 | D:15     | Entered Level 15 of the Dungeon
 28411 | D:15     | Reached skill level 1 in Earth Magic
 28747 | D:15     | Reached skill level 17 in Spellcasting
 28852 | D:15     | Reached skill level 1 in Air Magic
 28912 | D:14     | Learned a level 2 spell: Blink
 29324 | D:15     | Found a portal to a secret trove of treasure.
 29638 | D:15     | Reached skill level 15 in Conjurations
 29831 | D:15     | Reached skill level 5 in Earth Magic
 30410 | D:15     | Found a staircase to the Depths.
 30555 | Orc:1    | Entered Level 1 of the Orcish Mines
 30729 | Orc:1    | Found a dark tunnel.
 30755 | Orc:1    | Reached skill level 10 in Fighting
 30757 | Orc:1    | Offered knowledge of Bombard by Vehumet.
 30786 | Orc:1    | Learned a level 6 spell: Bombard
 30979 | Volcano  | Entered a volcano
 31611 | Orc:1    | Reached skill level 1 in Fire Magic
 32131 | Orc:1    | Learned a level 6 spell: Plasma Beam
 32305 | Orc:2    | Entered Level 2 of the Orcish Mines
 32438 | Orc:2    | Reached skill level 5 in Air Magic
 32444 | Orc:2    | Gained mutation: Your muscles are strong. (Str +4, Int/Dex
                  | -1) [potion of mutation]
 32444 | Orc:2    | Gained mutation: You do not regenerate when monsters are
                  | visible. [potion of mutation]
 32444 | Orc:2    | Gained mutation: Your mind is acute. (Int +4, Str/Dex -1)
                  | [potion of mutation]
 32467 | Orc:2    | Reached XP level 16. HP: 90/97 MP: 7/39
 32471 | Orc:2    | Offered knowledge of Iskenderun's Battlesphere by Vehumet.
 32784 | Orc:2    | Found a staircase to the Elven Halls.
 32823 | Orc:2    | Found Irghyqe Ynou's Assorted Antiques.
 32826 | Orc:2    | Found Wafaelo's Distillery.
 32906 | Orc:1    | Found a runed translucent door.
 33049 | Orc:2    | Found Kiveq's General Store.
 33051 | Orc:2    | Bought a potion of magic for 88 gold pieces
 33051 | Orc:2    | Bought a potion of magic for 88 gold pieces
 33058 | Orc:2    | Found Yvviluin's Distillery.
 33062 | Orc:2    | Bought 2 potions of magic for 224 gold pieces
 33285 | Orc:2    | Bought a potion of curing for 33 gold pieces
 33295 | Orc:2    | Bought a potion of mutation for 88 gold pieces
 33295 | Orc:2    | Lost mutation: Your mind is acute. (Int +4, Str/Dex -1)
                  | [potion of mutation]
 33295 | Orc:2    | Lost mutation: Your muscles are strong. (Str +4, Int/Dex
                  | -1) [potion of mutation]
 33295 | Orc:2    | Gained mutation: You have a pair of small horns on your
                  | head. [potion of mutation]
 33451 | Snake:1  | Entered Level 1 of the Snake Pit
 34002 | Snake:1  | Found a shimmering blue altar of Sif Muna.
 34006 | Snake:1  | Found a transporter.
 34010 | Snake:1  | Found the ring of the Octopus King {Fly HP+2 AC+2 EV+2
                  | SH+2}
 34439 | Snake:1  | Found Reukhlela's General Store.
 34802 | Snake:1  | Reached skill level 5 in Fire Magic
 34811 | Snake:1  | HP: 1/97 [nagaraja/splash of poison (9)]
 34812 | Snake:1  | Demolished by a salamander mystic

Illustrated notes

Levels and vault maps discovered:
D:1:      evilmike_arrival_rings, layout_loops_ring, serial_shops, shop,
          nicolae_shop_mannequins, nicolae_shop_scrapyard,
          chequers_serial_rivers_room_a
D:2:      layout_rooms, serial_shops, nicolae_shop_back_alley_shop
D:3:      layout_basic, nicolae_overflow_hallway_of_the_gods,
          dreamdust_ecumenical_altar_drowned_temple, serial_undead,
          serial_undead_a, serial_undead_d, serial_undead_d, serial_undead_b,
          serial_undead_f, serial_undead_e, serial_undead_d, uniq_jessica
D:4:      cheibrodos_quashed, layout_basic, chequers_serial_rivers_small_a
D:5:      kennysheep_slugbush, layout_basic, serial_glass, glass_columns_a,
          glass_columns_c, due_unseen_surprise, dreamdust_mushroom_princess
D:6:      layout_loops_ring, hangedman_decor_diamond_cutter,
          nicolae_grassy_gnolls, uniq_sigmund
D:7:      layout_loops_cross, temple_statues, uniq_prince_ribbit1
D:8:      layout_cave_pools, special_room [special_room_orc], fungi_pond_lemuel,
          uniq_erica
D:9:      layout_rooms, kennysheep_ying_yang, hellmonk_lair_entry_icy
D:10:     layout_long_grid, trog_antimagical, serial_shops, shop, special_room
          [special_room_bee], worms_lemuel
D:11:     lemuel_ice_spiral_2, layout_irregular_city, serial_shops, shop,
          nicolae_ashenzari_skybound
D:12:     layout_basic, orc_0_dummy, nrook_pool_corridor, uniq_josephine,
          uniq_gastronok, uniq_rupert
D:13:     layout_roguey, uniq_jorgrun
D:14:     layout_roguey, david_vaults_3, serial_park_tiny_1, serial_aquarium,
          aquarium_bridge_straight [aquarium_subvault_bridge,
          aquarium_subvault_window, aquarium_subvault_bridge,
          aquarium_subvault_window], aquarium_window_double,
          aquarium_window_fake, aquarium_view_2b, aquarium_view_2g,
          aquarium_balcony_3a
D:15:     grunt_enter_depths_snipers, layout_stronghold,
          nicolae_figureground_pulse, nicolae_trove_entry_isolated
Temple:   hellmonk_temple_beads
Lair:1:   layout_small_grid, serial_bayou_ford_a, grunt_megastairs_1,
          serial_bayou_shore_a, lemuel_fruit_tree
Lair:2:   beast_lair_carwin_large_2, layout_hall_layers,
          minmay_swamp_entry_worms, portal_ice_cave_entry_imps,
          kennysheep_snail_temple, serial_bayou_shore_b
Lair:3:   lemuel_reptile_caves, layout_chaotic_city,
          nicolae_snake_entry_warm_welcome, serial_bayou_shore_b, uniq_kirke
Lair:4:   layout_misc_corridors, minmay_slime_entry_jelly_boxes,
          infiniplex_staircase_pool
Lair:5:   gammafunk_lair_ancient_temple, layout_gridlike, serial_bayou_shore_b
Snake:1:  gammafunk_sealed_library, layout_rooms, serial_shops, shop
Orc:1:    dreamdust_dug_too_deep, layout_caves, nicolae_volcano_entry_lava_flow,
          special_room [special_room_orc]
Orc:2:    st_orc_open, layout_diamond_mine, basic_altar

Skill      XL: |  1  2  3  4  5  6  7  8  9 10 11 12 13 14 15 16 |
---------------+-------------------------------------------------+-----
Translocations | 1 2 3 4 5 7 8 9 10 12 | 12.2
Alchemy        | 1 2 3 4 5 7 8 9 10 12 | 12.2
Fighting       | 1 2 3 4 5 6 7 8 9 10 | 10.0
Spellcasting   | 4 5 6 7 9 10 11 13 14 16 17 | 17.9
Conjurations   | 5 6 7 8 9 10 11 12 14 15 | 15.6
Necromancy     | 7 |  7.6
Earth Magic    | 6 7 |  7.8
Air Magic      | 5 6 |  6.5
Fire Magic     | 3 5 |  5.0
Dodging        | |  2.4
Stealth        | |  2.4

Action                     |  1- 3 |  4- 6 |  7- 9 | 10-12 | 13-15 | 16-18 || total
---------------------------+-------+-------+-------+-------+-------+-------++-------
   Cast: Magic Dart        |    47 |    60 |    90 |    57 |    75 |     1 ||   330
         Searing Ray       |     7 |    29 |    39 |    78 |    72 |       ||   225
         Fulminant Prism   |       |       |    36 |    96 |   139 |       ||   271
         Iskenderun's Myst |       |       |    15 |   105 |   165 |    37 ||   322
         Arcjolt           |       |       |       |     3 |    30 |       ||    33
         Hailstorm         |       |       |       |     1 |    21 |       ||    22
         Orb of Destructio |       |       |       |       |    78 |     9 ||    87
         Bombard           |       |       |       |       |    30 |     4 ||    34
         Lee's Rapid Decon |       |       |       |       |     5 |    19 ||    24
         Plasma Beam       |       |       |       |       |     2 |     1 ||     3
         Blink             |       |       |       |       |     1 |       ||     1
    Use: Scroll            |     3 |     1 |    15 |     6 |    12 |     1 ||    38
         Potion            |       |       |     1 |     6 |     5 |     5 ||    17
 Armour: Robe              |     7 |     9 |    21 |    88 |   115 |     9 ||   249
  Dodge: Dodged            |     3 |     4 |    22 |    56 |    72 |     2 ||   159
  Block: Other             |       |     2 |     5 |    18 |    23 |     2 ||    50
         Reflection        |       |     2 |     1 |     3 |     4 |     1 ||    11
